 Dungeon Crawl Stone Soup version 0.28.0 (webtiles) character file.

Game seed: 1120252319199146698

21 browni3141 the Chopper (level 2, 0/40 HPs)
             Began as a Minotaur Berserker on Feb 17, 2022.
             Was a Follower of Trog.
             Slain by Jessica (3 damage)
             ... on level 2 of the Dungeon.
             The game lasted 00:00:21 (846 turns).

browni3141 the Chopper (Minotaur Berserker)          Turns: 846, Time: 00:00:21

Health: 0/40       AC:  2    Str: 21    XL:     2   Next: 65%
Magic:  1/1        EV: 12    Int:  4    God:    Trog [*.....]
Gold:   29         SH:  0    Dex:  9    Spells: 1/1 levels left

rFire   . . .      SeeInvis .   a - +0 hand axe
rCold   . . .      Faith    .   (no shield)
rNeg    . . .      Spirit   .   b - +0 animal skin
rPois   .          Reflect  .   (helmet restricted)
rElec   .          Harm     .   (no cloak)
rCorr   .          Rampage  .   (no gloves)
Will    .....                   (no boots)
Stlth   ..........              (no amulet)
HPRegen 0.13/turn               (no ring)
MPRegen 0.07/turn               (no ring)

@: berserking, slowed
A: horns 2, retaliatory headbutt
a: Renounce Religion, Berserk


You were on level 2 of the Dungeon.
You worshipped Trog.
Trog was aware of your devotion.
You visited 1 branch of the dungeon, and saw 2 of its levels.

You collected 29 gold pieces.


Innate Abilities, Weirdness & Mutations

You have a pair of horns on your head.
You reflexively headbutt those who attack you in melee.


   Skills:
 + Level 4.0 Fighting
 * Level 4.3 Axes
 + Level 2.9 Armour
 - Level 2.1 Dodging


You had one spell level left.
You didn't know any spells.
Your spell library was empty.

Inventory:

Hand Weapons
 a - a +0 hand axe (weapon)
Armour
 b - a +0 animal skin (worn)
Scrolls
 f - a scroll of enchant weapon {unknown}
Potions
 c - a potion of heal wounds {unknown}
 d - a potion of curing {unknown}
 e - a potion of haste {unknown}

Dungeon Overview and Level Annotations

Branches:
Dungeon (2/15)

Altars:

Annotations:
D:2 Jessica

..... # #
¦¦¦...¦¦¦ .
#.¦G¦...¦G¦.##
#.¦¦¦...¦¦¦..#
#............#
#.....?......#
#.......@....#
#.# # ¦¦¦..@¦¦¦
#.# #.¦G¦.†.¦G¦
#.# #.¦¦¦...¦¦¦..
#.#
#............#
#.#
###..##......#
#.# #.##########
#.# #.# #<#
######)####
##.####.........#


You could see 2 great orbs of eyes, a shining eye, a floating eye and Jessica.


Message History

Jessica very coldly says, "I hate your company."
Jessica gestures at you while chanting. You resist with some effort.
You hit Jessica. Your headbutt misses Jessica.
Jessica is moderately wounded.
Jessica casts a spell at you. Pain shoots through your body!
* * * LOW HITPOINT WARNING * * *
Jessica hits you with a +0 dagger.
* * * LOW HITPOINT WARNING * * *
You are too injured to fight recklessly!
You are too injured to fight recklessly!
You are too injured to fight recklessly!
You closely miss Jessica.
Jessica is moderately wounded.
Jessica hits you with a +0 dagger.
* * * LOW HITPOINT WARNING * * *
You completely miss Jessica.
Jessica is moderately wounded.
Jessica gestures wildly.
Jessica hits you with a +0 dagger.
* * * LOW HITPOINT WARNING * * *
Jessica barely misses you.
You are too injured to fight recklessly!
You are too injured to fight recklessly!
A red film seems to cover your vision as you go berserk!
You feel yourself moving faster!
You feel mighty!
Jessica mumbles something strange.
Jessica hits you with a +0 dagger.
You die...

Skill      XL: |  1  2 |
---------------+-------+-----
Axes           | 4 |  4.3
Fighting       | 4 |  4.0
Armour         | |  2.9
Dodging        | |  2.1

Action                   || total
-------------------------++-------
Melee: Hand axe          ||    30
       Headbutt          ||     6
       Punch             ||     3
Invok: Berserk           ||     1
 Stab: Sleeping          ||     1
Armor: Animal skin       ||     3
Dodge: Dodged            ||    18

Levels and vault maps discovered:
D:1:      amcnicky_arrival_abandoned_market, layout_basic
D:2:      cheibrodos_helix_gallery, layout_basic, basic_altar, serial_shops,
          nicolae_shop_behind_doors, shop, shop, nicolae_square_shop, shop,
          hellmonk_ecumenical_altar_watching_god, uniq_jessica

Notes
Turn   | Place    | Note
-------+----------+-------------------------------------------
     0 | D:1      | browni3141 the Minotaur Berserker began the quest for the
                  | Orb.
     0 | D:1      | Reached XP level 1. HP: 19/19 MP: 0/0
   469 | D:1      | Reached skill level 4 in Axes
   512 | D:1      | Reached XP level 2. HP: 22/27 MP: 1/1
   830 | D:2      | Found a faded altar of an unknown god.
   830 | D:2      | Noticed a floating eye
   831 | D:2      | Noticed Jessica
   834 | D:2      | Noticed a great orb of eyes
   834 | D:2      | Noticed a shining eye
   834 | D:2      | Noticed a great orb of eyes
   839 | D:2      | Reached skill level 4 in Fighting
   845 | D:2      | HP: 2/27 [Jessica (3)]
   846 | D:2      | Slain by Jessica

Vanquished Creatures
  An adder (D:2)
  3 endoplasms (D:1)
  A hobgoblin (D:1)
  A kobold (D:2)
  4 ball pythons
  A bat (D:1)
  A rat (D:1)
12 creatures vanquished.

Table legend: (Time is in decaauts)
 A = Elapsed time spent in this place.
 B = Non-inter-level travel time spent in this place.
 C = Inter-level travel time spent in this place.
 D = Time resting spent in this place.
 E = Time spent auto-exploring this place.
 F = Levels seen in this place.
 G = Mean time per level.
                   A        B        C        D        E       F      G
               +--------+--------+--------+--------+--------+-----+--------+
         Total |    850 |    826 |     24 |      0 |    732 |   2 |  425.0 |
       Dungeon |    850 |    826 |     24 |      0 |    732 |   2 |  425.0 |
               +--------+--------+--------+--------+--------+-----+--------+

Top non-repeatable levels by time:
     D:1: 811 daAuts
     D:2: 39 daAuts

Table legend:
 A = Non-vault XP
 B = Vault XP
 C = Vault XP percentage of total XP
 D = Non-vault monster count
 E = Vault monster count
 F = Vault count percentage of total count
                 A         B        C        D         E       F
            +---------+---------+-------+---------+---------+-------
      Total |      31 |       0 |   0.0 |      12 |       0 |   0.0
            +---------+---------+-------+---------+---------+-------
        D:1 |      12 |       0 |   0.0 |       8 |       0 |   0.0
        D:2 |      19 |       0 |   0.0 |       4 |       0 |   0.0
            +---------+---------+-------+---------+---------+-------
